 Dungeon Crawl Stone Soup version 0.27.0-1-g7a089689b8 (webtiles) character file.

Game seed: 11898846666406937565

51 mandarbmax the Stinger (level 3, -4/24 HPs)
             Began as a Demonspawn Venom Mage on Aug 2, 2021.
             Slain by Terence (8 damage)
             ... on level 3 of the Dungeon.
             The game lasted 00:06:10 (2354 turns).

mandarbmax the Stinger (Demonspawn Venom Mage)      Turns: 2354, Time: 00:06:11

Health: -4/24      AC:  3    Str:  8    XL:     3   Next: 57%
Magic:  1/6        EV: 11    Int: 17    God:
Gold:   127        SH:  0    Dex: 13    Spells: 3/6 levels left

rFire    . . .     SeeInvis .   c - +0 whip
rCold    . . .     Faith    .   (no shield)
rNeg     . . .     Spirit   .   i - +0 leather armour
rPois    .         Reflect  .   (helmet restricted)
rElec    .         Harm     .   (no cloak)
rCorr    +         Rampage  .   (no gloves)
Will     .....                  (no boots)
Stlth    ++........             (no amulet)
HPRegen  0.08/turn              d - ring of resist corrosion
MPRegen  0.10/turn              (no ring)

@: no status effects
A: horns 1
a: no special abilities


You were on level 3 of the Dungeon.
You visited 1 branch of the dungeon, and saw 3 of its levels.

You collected 127 gold pieces.

Inventory:

Hand Weapons
 c - a +0 whip (weapon)
Armour
 i - a +0 leather armour (worn)
Jewellery
 d - a ring of resist corrosion (left hand)
Scrolls
 e - a scroll of torment {unknown}
 g - a scroll of identify {unknown}
Potions
 b - 2 potions of curing {unknown}
 f - a potion of mutation {unknown}
 h - a potion of attraction {unknown}


   Skills:
 - Level 2.0 Dodging
 - Level 1.7 Stealth
 - Level 2.0 Spellcasting
 - Level 0.8 Transmutations
 + Level 4.5 Poison Magic


You had 3 spell levels left.
You knew the following spells:

 Your Spells              Type           Power      Damage    Failure   Level
a - Sting                 Tmut/Pois      40%        1d5       10%         1
b - Poisonous Vapours     Pois/Air       18%        N/A       17%         2

Your spell library contained the following spells:

 Spells                   Type           Power      Damage    Failure   Level
 Mephitic Cloud           Conj/Pois/Air  6%         N/A       41%         3
 Olgreb's Toxic Radiance  Pois           17%        N/A       41%         4


Dungeon Overview and Level Annotations

Branches:
Dungeon (3/15)

Altars:

Annotations:
D:3 Terence


Innate Abilities, Weirdness & Mutations

You have a pair of small horns on your head.


Message History

Press: ? - help, Dir - move target, f/p - Terence
Aim: Terence, wielding a +2 short sword of speed and wearing a +0 chain mail (poisoned)
You miscast Poisonous Vapours.
You are very lightly contaminated with residual magic.
Nothing appears to happen.
Terence barely misses you.
Casting: Poisonous Vapours (safe; 17% risk of failure)
Confirm with . or Enter, or press ? or * to list all spells.
Aiming: Sting (safe; 10% risk of failure)
Press: ? - help, Shift-Dir - straight line, f/p - Terence
Aim: Terence, wielding a +2 short sword of speed and wearing a +0 chain mail (poisoned, 79% to hit)
The sting hits Terence but does no damage.
Terence looks even sicker.
Terence hits you with a +2 short sword of speed!
Terence hits you with a +2 short sword of speed.
Casting: Sting (safe; 10% risk of failure)
Confirm with . or Enter, or press ? or * to list all spells.
Aiming: Sting (safe; 10% risk of failure)
Press: ? - help, Shift-Dir - straight line, f/p - Terence
Aim: Terence, wielding a +2 short sword of speed and wearing a +0 chain mail (lightly wounded, very poisoned, 79% to hit)
The sting hits Terence.
Terence looks even sicker.
Terence is moderately wounded.
Terence hits you with a +2 short sword of speed!
* * * LOW HITPOINT WARNING * * *
Unknown command.
Your magical contamination has completely faded away.
Terence barely misses you. Terence says, "How do you enjoy it?"
You see here a +0 robe.
Terence shouts, "DIE!!!"
Okay, then.
Casting: Sting (safe; 10% risk of failure)
Confirm with . or Enter, or press ? or * to list all spells.
Aiming: Sting (safe; 10% risk of failure)
Press: ? - help, Shift-Dir - straight line, f/p - Terence
Aim: Terence, wielding a +2 short sword of speed and wearing a +0 chain mail (severely wounded, poisoned, 79% to hit)
The sting hits Terence but does no damage.
Terence looks even sicker.
Terence is severely wounded.
Terence hits you with a +2 short sword of speed!
You die...

... .. #.## #'#
....##..### #.# #........#
#.# ######...# #.# ##..#
#.# #..# #.# #..#
#.#################..#.###
#.....[.@@................
#.#################..#.#.#
####'## #..#.# #.....#
#..# # #.....# #..#
#####.....# ##.#
.........## .. ##########
..


You could see Terence (very poisoned).

Vanquished Creatures
  2 dart slugs (D:1)
  4 bats (D:1)
  8 endoplasms (D:1)
  3 giant cockroaches (D:1)
  3 goblins
  5 hobgoblins (D:1)
  4 quokkas (D:1)
  2 ball pythons (D:1)
  2 frilled lizards (D:1)
  2 kobolds (D:1)
  6 rats
41 creatures vanquished.

Notes
Turn   | Place    | Note
-------+----------+-------------------------------------------
     0 | D:1      | mandarbmax the Demonspawn Venom Mage began the quest for
                  | the Orb.
     0 | D:1      | Reached XP level 1. HP: 13/13 MP: 3/3
   104 | D:1      | Gained mutation: You have a pair of small horns on your
                  | head. [demonic ancestry]
   104 | D:1      | Reached XP level 2. HP: 6/19 MP: 0/5
   612 | D:1      | Found a faded altar of an unknown god.
  1019 | D:1      | Reached skill level 4 in Poison Magic
  1111 | D:1      | Learned a level 2 spell: Poisonous Vapours
  1281 | D:1      | Reached XP level 3. HP: 24/24 MP: 1/6
  2336 | D:3      | Noticed Terence
  2354 | D:3      | Slain by Terence

Illustrated notes

Levels and vault maps discovered:
D:1:      lightli_arrival_boilingwater, layout_basic,
          shapermc_ecumenical_altar_starsandcircs, serial_bayou_lagoon_a,
          minmay_heptomino_o4
D:2:      layout_basic, serial_shops, nicolae_shop_stone
D:3:      layout_basic, uniq_terence

Skill      XL: |  1  2 |
---------------+-------+-----
Dodging        | 2 |  2.0
Poison Magic   | 4 |  4.5
Stealth        | |  1.7
Spellcasting   | |  2.0
Transmutations | |  0.8

Action                   || total
-------------------------++-------
Melee: Whip              ||    26
       Headbutt          ||     2
 Cast: Sting             ||    73
       Poisonous Vapours ||     7
Armor: Robe              ||    15
Dodge: Dodged            ||    38
